 Dungeon Crawl Stone Soup version 0.31.0-11-ge490571c62 (webtiles) character file.

Game seed: 13017304800098491185

17795 browni3141 the Cleaver (level 12, 0/110 HPs)
             Began as a Minotaur Fighter on Jan 28, 2024.
             Was a High Priest of Okawaru.
             Slain by a six-headed hydra (3 damage)
             ... on level 2 of the Lair of Beasts.
             The game lasted 00:06:34 (11540 turns).

browni3141 the Cleaver (Minotaur Fighter)          Turns: 11540, Time: 00:06:35

Health: 0/110      AC: 18    Str: 30    XL:     12   Next: 22%
Magic:  14/15      EV: 13    Int:  5    God:    Okawaru [*****.]
Gold:   709        SH:  9    Dex: 18    Spells: 11/11 levels left

rFire   . . .        T - +1 war axe (freeze)
rCold   . . .        c - +0 buckler
rNeg    . . .        I - +2 scale mail {rPois}
rPois   +            (helmet restricted)
rElec   .            Y - +1 cloak
rCorr   .            H - +2 pair of gloves
SInv    .            (no boots)
Will    .....        L - amulet of the acrobat
Stlth   ++           y - +6 ring of dexterity
HPRegen 0.38/turn    U - +6 ring of strength
MPRegen 0.14/turn

%: acrobat
@: mighty, heroic
A: horns 2, retaliatory headbutt
a: Renounce Religion, Heroism, Finesse, Duel


You were on level 2 of the Lair of Beasts.
You worshipped Okawaru.
Okawaru was extremely pleased with you.
You visited 3 branches of the dungeon, and saw 14 of its levels.

You collected 709 gold pieces.

Inventory:

Hand Weapons
 a - a +0 war axe
 T - a +1 war axe of freezing (weapon)
Missiles
 w - 11 boomerangs (quivered)
 D - 6 curare-tipped darts
 Q - 3 javelins
Armour
 b - a +0 scale mail
 c - a +0 buckler (worn)
 k - a +1 pair of gloves
 q - a +0 plate armour
 H - a +2 pair of gloves (worn)
 I - a +2 scale mail of poison resistance (worn)
 J - a +0 cloak
 O - a +0 pair of gloves of dexterity
 Y - a +1 cloak (worn)
Jewellery
 y - a +6 ring of dexterity (left hand)
 z - a ring of resist corrosion
 C - an amulet of guardian spirit
 E - a ring of see invisible
 L - an amulet of the acrobat (around neck)
 P - a ring of protection from fire
 U - a +6 ring of strength (right hand)
Wands
 d - a wand of polymorph (11)
 G - a wand of flame (23)
 S - a wand of iceblast (7)
Scrolls
 e - 13 scrolls of identify {unknown}
 f - 3 scrolls of revelation {unknown}
 h - 2 scrolls of enchant armour {unknown}
 j - 4 scrolls of fear {unknown}
 l - 2 scrolls of poison {unknown}
 o - a scroll of acquirement {unknown}
 s - 3 scrolls of teleportation {unknown}
 u - 3 scrolls of noise {unknown}
 v - 4 scrolls of immolation {unknown}
 x - a scroll of amnesia {unknown}
 N - a scroll of vulnerability {unknown}
 R - a scroll of silence {unknown}
 V - a scroll of brand weapon {unknown}
Potions
 g - a potion of resistance {unknown}
 i - 3 potions of haste {unknown}
 m - 9 potions of curing {unknown}
 n - 5 potions of heal wounds {unknown}
 p - 3 potions of mutation {unknown}
 r - a potion of ambrosia {unknown}
 t - 2 potions of lignification {unknown}
 A - 4 potions of brilliance {unknown}
 B - 2 potions of enlightenment {unknown}
 F - 2 potions of attraction {unknown}
 K - a potion of experience {unknown}
 M - 2 potions of invisibility {unknown}
 W - a potion of cancellation {unknown}


   Skills:
 + Level 11.1(16.1) Fighting
 * Level 14.7(19.7) Axes
 + Level 11.1(16.1) Armour
 + Level 11.0(16.0) Shields
 + Level 5.6 Invocations


You had 11 spell levels left.
You didn't know any spells.
Your spell library contained the following spells:

 Spells                   Type           Power      Damage    Failure   Level
 Foxfire                  Conj/Fire      0%         2x1d4     67%         1
 Shock                    Conj/Air       0%         1d3       67%         1
 Ensorcelled Hibernation  Hex/Ice        0%         N/A       80%         2
 Fugue of the Fallen      Necr           0%         N/A       95%         3
 Stone Arrow              Conj/Erth      0%         3d7       95%         3
 Anguish                  Hex/Necr       0%         N/A       100%        4
 Leda's Liquefaction      Alch/Erth      0%         N/A       100%        4
 Freezing Cloud           Conj/Ice/Air   0%         6-21      100%        5
 Conjure Ball Lightning   Conj/Air       0%         3x3d6     100%        6
 Plasma Beam              Fire/Air       0%         2x1d10    100%        6
 Starburst                Conj/Fire      0%         6d3       100%        6
 Lehudib's Crystal Spear  Conj/Erth      0%         10d2      100%        8
 Animate Armour           Summ/Erth      Unusable   N/A       N/A         4

Dungeon Overview and Level Annotations

Branches:
Dungeon (11/15)            Temple (1/1) D:7            Lair (2/5) D:11
  Swamp (0/4) Lair:2          Orc (0/2) D:10
  Snake: Lair:2-3    Spider: Lair:2-3

Altars:
Ashenzari
Cheibriados
Dithmenos
Elyvilon
Fedhas
Gozag
Hepliaklqana
Kikubaaqudgha
Makhleb
Nemelex Xobeh
Okawaru
Qazlal
Ru
Sif Muna
Trog
Uskayaw
Vehumet
Wu Jian
Xom
Yredelemnul
Zin
The Shining One

Shops:
D:2 :   D:9 (   D:10 [

Annotations:
D:11 exclusion: ice statue


Innate Abilities, Weirdness & Mutations

You have a pair of horns on your head.
You reflexively headbutt those who attack you in melee.


Message History

The cane toad barely misses you. You furiously retaliate!
You headbutt the cane toad.
A cane toad is nearby!
You slice the cane toad!! You freeze the cane toad!
You kill the cane toad!
Okawaru accepts your kill.
Your Shields skill increases to level 11!
There is an escape hatch in the floor here.
e - 13 scrolls labelled SARGHU OLUEM (gained 1)
m - 9 glowing inky potions (gained 1)
Found a stone staircase leading down.
No target in view!
Found an escape hatch in the ceiling.
No target in view!
No target in view!
No target in view!
No target in view!
No target in view!
A six-headed hydra comes into view.
The six-headed hydra roars!
A six-headed hydra is nearby!
A six-headed hydra is nearby!
A six-headed hydra is nearby!
The six-headed hydra bites you but does no damage.
The six-headed hydra closely misses you.
You block the six-headed hydra's attack.
The six-headed hydra misses you.
You block the six-headed hydra's attack.
The six-headed hydra completely misses you.
You hit the six-headed hydra. You freeze the six-headed hydra.
The six-headed hydra is lightly wounded.
The six-headed hydra bites you! x3
The six-headed hydra bites you but does no damage.
You block the six-headed hydra's attack.
The six-headed hydra barely misses you.
You feel very mighty all of a sudden.
You block the six-headed hydra's attack.
The six-headed hydra bites you but does no damage. x2
The six-headed hydra closely misses you.
The six-headed hydra bites you. The six-headed hydra misses you.
You gain the combat prowess of a mighty hero.
The six-headed hydra barely misses you. You furiously retaliate!
You headbutt the six-headed hydra!! The six-headed hydra bites you!
The six-headed hydra barely misses you.
The six-headed hydra closely misses you.
The six-headed hydra bites you but does no damage.
The six-headed hydra bites you.
You throw a boomerang.
The boomerang hits the six-headed hydra!
The six-headed hydra is heavily wounded.
The six-headed hydra bites you but does no damage. x3
The six-headed hydra closely misses you.
The six-headed hydra bites you but does no damage.
The six-headed hydra bites you.
You throw a boomerang.
The boomerang hits the six-headed hydra!
The six-headed hydra is heavily wounded.
The six-headed hydra bites you! The six-headed hydra bites you.
You block the six-headed hydra's attack.
The six-headed hydra closely misses you.
The six-headed hydra bites you but does no damage.
You block the six-headed hydra's attack.
You throw a boomerang.
The boomerang hits the six-headed hydra.
The six-headed hydra is severely wounded.
The six-headed hydra bites you. The six-headed hydra bites you!
The six-headed hydra bites you but does no damage.
The six-headed hydra barely misses you.
The six-headed hydra bites you but does no damage.
You block the six-headed hydra's attack.
You throw a boomerang.
The boomerang hits the six-headed hydra!!
The six-headed hydra is almost dead.
The six-headed hydra completely misses you.
You furiously retaliate!
You headbutt the six-headed hydra! The six-headed hydra bites you.
The six-headed hydra bites you but does no damage.
You block the six-headed hydra's attack.
The six-headed hydra bites you! The six-headed hydra misses you.
You throw a boomerang.
The boomerang hits the six-headed hydra.
The six-headed hydra is almost dead.
The six-headed hydra closely misses you. x5
The six-headed hydra bites you.
The six-headed hydra bites you but does no damage.
The six-headed hydra barely misses you. The six-headed hydra bites you!
The six-headed hydra closely misses you.
The six-headed hydra bites you but does no damage. x2
You throw a boomerang.
The boomerang hits the six-headed hydra but does no damage.
The six-headed hydra is almost dead.
The six-headed hydra bites you but does no damage. x3
You block the six-headed hydra's attack. x2
The six-headed hydra bites you but does no damage.
You throw a boomerang.
The boomerang completely misses the six-headed hydra.
The six-headed hydra bites you! The six-headed hydra bites you.
The six-headed hydra bites you but does no damage. x2
The six-headed hydra bites you. x2
You die...

......##.P#. ...
......#.>.#. ...P
##.......#.....
...P#####P#.......#.....
........................
..................#...#.
............# #...#...#.
......D....## ##..##.#..
#..@....####........
##.......##.#........
#.......####.........
##......#.#.#........
#P<>.................
#....................
......................
..#######.###...PP#####
## ### #######


You could see a six-headed hydra.

Vanquished Creatures
  A two-headed ogre (D:9)
  A swamp dragon (Lair:2)
  3 cyclopes (D:11)
  2 manticores (D:11)
  A black mamba (Lair:1)
  2 gargoyles
  A cane toad (Lair:2)
  2 unseen horrors (D:11)
  3 komodo dragons (Lair:1)
  The ghost of Bediveer the Cleaver, an amateur HOMo (D:5)
  2 trolls (D:11)
  3 wraiths (D:10)
  36 yaks
  2 steam dragons
  2 wargs
  2 acid dragons
  2 water moccasins
  A sky beast (D:7)
  4 black bears
  4 orc warriors
  5 ice beasts
  7 wolves
  4 ogres
  6 centaurs
  2 kobold brigands
  8 bullfrogs
  3 killer bees (D:11)
  5 howler monkeys
  A bombardier beetle (D:6)
  8 hounds
  4 jellies
  11 orc priests
  3 sleepcaps
  4 iguanas
  13 orc wizards
  2 gnolls
  14 adders
  3 river rats (D:5)
  A white imp (D:6)
  2 ufetubi (D:6)
  3 dart slugs (D:5)
  A ribbon worm (D:3)
  27 orcs
  2 bats
  8 endoplasms
  5 giant cockroaches
  10 goblins
  3 hobgoblins
  15 jackals
  22 kobolds
  5 quokkas
  11 ball pythons
  2 frilled lizards
  10 rats
305 creatures vanquished.

Vanquished Creatures (others)
  An iguana (D:7)
  An orc wizard (D:7)
2 creatures vanquished.

Grand Total: 307 creatures vanquished

Notes
Turn   | Place    | Note
-------+----------+-------------------------------------------
     0 | D:1      | browni3141 the Minotaur Fighter began the quest for the
                  | Orb.
     0 | D:1      | Reached XP level 1. HP: 19/19 MP: 0/0
    60 | D:1      | Reached skill level 3 in Axes
    60 | D:1      | Reached XP level 2. HP: 16/27 MP: 1/1
   461 | D:1      | Reached XP level 3. HP: 33/33 MP: 2/2
   869 | D:2      | Found Aliat's Book Boutique.
   911 | D:2      | Reached XP level 4. HP: 38/40 MP: 3/3
   994 | D:2      | Reached skill level 4 in Axes
  1311 | D:2      | Found a radiant altar of Vehumet.
  1625 | D:3      | Found a faded altar of an unknown god.
  2115 | D:3      | Found a broken altar of Ashenzari.
  2277 | D:4      | Noticed an ogre
  2281 | D:4      | HP: 1/41 [ogre/+0 giant club (20)]
  2283 | D:4      | Killed an ogre
  2284 | D:4      | Reached XP level 5. HP: 2/47 MP: 4/4
  2457 | D:4      | Noticed an ogre
  2461 | D:4      | Killed an ogre
  2462 | D:4      | Reached skill level 5 in Axes
  2462 | D:4      | Reached XP level 6. HP: 55/55 MP: 5/5
  2470 | D:4      | Reached skill level 5 in Fighting
  2470 | D:4      | Reached skill level 5 in Armour
  2534 | D:4      | Reached skill level 5 in Shields
  2542 | D:4      | Reached skill level 6 in Axes
  2864 | D:4      | Reached XP level 7. HP: 35/61 MP: 6/6
  3004 | D:5      | Entered Level 5 of the Dungeon
  3237 | D:5      | Reached skill level 7 in Axes
  3337 | D:5      | Reached XP level 8. HP: 70/70 MP: 7/7
  3537 | D:5      | Found a runed translucent gate.
  3537 | D:5      | Found a runed translucent gate.
  3537 | D:5      | Found a runed translucent gate.
  3539 | D:5      | Noticed Bediveer's ghost (amateur HOMo)
  3568 | D:5      | Found a blossoming altar of Fedhas.
  3883 | D:5      | Reached skill level 8 in Axes
  4062 | D:5      | Killed Bediveer's ghost
  4640 | D:6      | Reached skill level 9 in Axes
  4746 | D:6      | Reached XP level 9. HP: 75/79 MP: 6/8
  5407 | D:7      | Reached skill level 10 in Axes
  5611 | D:7      | Found a staircase to the Ecumenical Temple.
  5622 | Temple   | Entered the Ecumenical Temple
  5771 | D:7      | Found a basalt altar of Yredelemnul.
  5780 | D:7      | Found an ornate altar of the Wu Jian Council.
  5787 | D:7      | Found a snail-covered altar of Cheibriados.
  5794 | D:7      | Found a shimmering altar of Xom.
  5794 | D:7      | Found an iron altar of Okawaru.
  5902 | D:7      | Became a worshipper of Warmaster Okawaru
  6190 | D:8      | Found a bloodstained altar of Trog.
  6193 | D:8      | Noticed a gargoyle
  6198 | D:8      | Reached skill level 11 in Axes
  6205 | D:8      | Killed a gargoyle
  6206 | D:8      | Reached XP level 10. HP: 47/90 MP: 9/9
  6600 | D:8      | You fall into a shaft and drop 1 floor!
  6610 | D:9      | Found Umukikif's Antique Weapon Emporium.
  6616 | D:9      | Noticed a two-headed ogre
  6617 | D:9      | Reached * piety under Okawaru
  6623 | D:9      | Killed a two-headed ogre
  6624 | D:9      | Reached skill level 1 in Invocations
  6672 | D:9      | Found a sacrificial altar of Ru.
  7035 | D:9      | Reached skill level 12 in Axes
  7035 | D:9      | Reached ** piety under Okawaru
  7313 | D:8      | Got the Teachings on the Squall and the Plateau
  7322 | D:8      | Found an opulent altar of Gozag.
  7401 | D:8      | Found a glowing golden altar of the Shining One.
  7788 | D:9      | Reached *** piety under Okawaru
  7799 | D:9      | Reached XP level 11. HP: 82/99 MP: 12/12
  8105 | D:10     | Entered Level 10 of the Dungeon
  8244 | D:10     | Reached skill level 13 in Axes
  8244 | D:10     | Found a staircase to the Orcish Mines.
  8591 | D:10     | Reached skill level 10 in Fighting
  8749 | D:10     | Reached skill level 10 in Armour
  9003 | D:10     | Found Ticem's Antique Armour Boutique.
  9227 | D:10     | Reached **** piety under Okawaru
  9231 | D:10     | Found a shimmering blue altar of Sif Muna.
  9382 | D:11     | Reached skill level 10 in Shields
  9594 | D:11     | Reached ***** piety under Okawaru
  9649 | D:11     | Found a staircase to the Lair.
  9850 | D:11     | Reached skill level 14 in Axes
 10056 | D:11     | Identified the beast talisman of the Abyss {rPois rF-
                  | Stlth+}
 10253 | Lair:1   | Entered Level 1 of the Lair of Beasts
 10336 | Lair:1   | Reached skill level 5 in Invocations
 10691 | Lair:1   | Received a gift from Okawaru
 10757 | Lair:1   | Reached XP level 12. HP: 108/108 MP: 14/14
 11040 | Lair:1   | Identified the +7 falchion "Spider's Doom" {freeze, rN+}
 11463 | Lair:2   | Found a staircase to the Swamp.
 11527 | Lair:2   | Noticed a six-headed hydra
 11540 | Lair:2   | HP: 4/110 [six-headed hydra (4)]
 11540 | Lair:2   | Slain by a six-headed hydra

Illustrated notes

Levels and vault maps discovered:
D:1:      dpeg_arrival_arbitrary_b, layout_basic
D:2:      layout_loops_ring, basic_altar, serial_shops, shop,
          grunt_decor_one_mirror
D:3:      layout_loops_ring, ashenzari_altar_1, nicolae_ecumenical_pavilion
D:4:      layout_rooms
D:5:      layout_gridville, old_standard_altar, gammafunk_ghost_nasty_kobolds,
          lightli_sewer_entry_pipes, minmay_bent
D:6:      layout_gridville
D:7:      layout_loops_ring, minmay_overflow_temple_star_hex,
          minmay_temple_entry_wispy, chequers_serial_rivers_micro_a
D:8:      layout_rooms, nicolae_overflow_crystal_walls,
          mainiacjoe_overflow_surrounded_room, trog_ov_bears_minmay
D:9:      layout_loops_cross, nicolae_ru_great_annihilating_truth, serial_shops,
          shop
D:10:     layout_basic, tgw_sif, erik_orc_4, serial_shops, shop
D:11:     lemuel_ice_statue, layout_cross, erik_lair_orcish_takeover
Temple:   nicolae_temple_bog_church
Lair:1:   layout_cave_pods
Lair:2:   layout_chaotic_city, minmay_swamp_entry_reptiles

Skill      XL: |  1  2  3  4  5  6  7  8  9 10 11 12 |
---------------+-------------------------------------+-----
Axes           | 3 4 5 6 7 9 11 12 14 | 14.7
Fighting       | 4 5 6 7 8 9 10 11 | 11.1
Shields        | 4 5 6 7 8 9 10 11 | 11.0
Armour         | 4 5 6 7 8 9 10 11 | 11.1
Invocations    | 3 5 |  5.6

Action                     |  1- 3 |  4- 6 |  7- 9 | 10-12 || total
---------------------------+-------+-------+-------+-------++-------
  Melee: War axe           |    60 |   118 |   236 |   359 ||   773
         Headbutt          |     4 |    21 |    58 |    85 ||   168
  Throw: Boomerang         |       |       |     1 |    21 ||    22
 Invoke: Heroism           |       |       |       |     4 ||     4
    Use: Potion            |       |       |     1 |     2 ||     3
   Stab: Paralysed         |       |       |       |     1 ||     1
 Armour: Scale mail        |    33 |    25 |   102 |   312 ||   472
         Plate armour      |       |    87 |    93 |       ||   180
  Dodge: Dodged            |    23 |    50 |    75 |   178 ||   326
  Block: Buckler           |    18 |    29 |    76 |   135 ||   258
